Map: White Rabbit LE

Players

Moz

  • Race: Zerg Zerg
  • League: Platinum
  • Spawn Location: 1:00

GhostRobo - Winner!

  • Race: Terran Terran
  • Spawn Location: 7:00

VOD

Have the link to the VOD?

Description

Time

  • Played on: Dec. 14, 2025, 10:38 a.m.
  • Length: 8:08
Show
View Real Time Build Order
Export as new Build Order

Moz Zerg 

Build Orders: Pool First 

Get SALT Encoding   

  12  0:00  Drone  
  13  0:08  Drone  
  14  0:16  Overlord  
  14  0:22  Extractor  
  14  0:28  Drone  
  14  0:39  Drone  
  14  0:40  Drone  
  16  0:47  Drone  
  17  0:57  Drone  
  18  1:03  Spawning Pool  
  17  1:12  Drone  
  18  1:18  Extractor  
  18  1:21  Extractor, Drone  
  17  1:40  Extractor, Hatchery  
  15  1:50  Queen  
  17  2:00  Spine Crawler  
  16  2:02  Spine Crawler  
  16  2:03  Drone  
  16  2:09  Zergling x2  
  17  2:20  Drone x2  
  19  2:53  Drone x2  
  19  2:54  Drone x2  
  23  3:03  Drone  
  24  3:14  Spore Crawler  
  24  3:16  Spore Crawler  
  24  3:17  Drone x2  
  24  3:18  Drone  
  25  3:23  Lair  
  25  3:32  Drone  
  25  3:33  Drone  
  27  3:45  Drone  
  28  3:52  Overlord  
  28  4:07  Overlord x2  
  28  4:08  Extractor  
  28  4:09  Extractor  
  26  4:10  Hatchery  
  25  4:24  Evolution Chamber  
  25  4:28  Spire  
  24  4:31  Drone, Hydralisk Den  
  24  4:37  Overseer  
  23  4:50  Drone  
  23  4:51  Infestation Pit  
  23  5:00  Drone x3  
  23  5:04  Drone  
  27  5:12  Pneumatized Carapace  
  27  5:15  Drone  
  28  5:21  Drone  
  28  5:22  Drone  
  30  5:29  Drone x2  
  30  5:34  Drone x2  
  34  5:44  Drone  
  34  5:46  Drone x2  
  34  5:47  Drone x2  
  39  5:52  Drone  
  39  5:53  Drone  
  39  5:56  Zerg Missile Weapons Level 1  
  41  5:59  Hydralisk  
  43  6:06  Mutalisk  
  43  6:11  Corruptor  
  45  6:13  Drone x2  
  45  6:14  Drone  
  45  6:16  Drone  
  51  6:20  Drone x2  
  51  6:24  Drone  
  54  6:25  Drone  
  55  6:49  Spine Crawler  
  55  6:53  Spine Crawler  
  53  7:01  Mutalisk  
  53  7:02  Mutalisk  
  53  7:04  Overlord x3  
  57  7:13  Hydralisk  
  56  7:30  Hydralisk x4  
  56  7:31  Mutalisk  
  62  7:42  Mutalisk  
Show
View Real Time Build Order
Export as new Build Order

GhostRobo Terran - Winner!

Build Orders:  

Get SALT Encoding   

  12  0:00  SCV  
  13  0:13  SCV  
  14  0:19  Supply Depot  
  14  0:25  SCV  
  15  0:40  SCV  
  16  0:47  Barracks  
  16  0:52  Refinery, SCV  
  17  1:04  SCV  
  18  1:18  Supply Depot  
  18  1:36  Orbital Command  
  18  1:45  Barracks Reactor  
  18  1:56  Command Center  
  18  2:02  SCV  
  19  2:14  SCV  
  20  2:25  Marine x2  
  20  2:26  SCV  
  23  2:34  Factory  
  23  2:38  SCV  
  23  2:43  Marine x2  
  26  2:55  Barracks  
  26  2:57  SCV, Barracks  
  27  3:01  Marine x2  
  29  3:09  SCV  
  29  3:20  Factory Tech Lab  
  29  3:23  Orbital Command  
  29  3:28  Refinery, Marine x2  
  31  3:42  Orbital Command  
  31  3:44  Engineering Bay  
  31  3:56  Barracks Tech Lab x2  
  31  4:03  SCV  
  31  4:06  Siege Tank  
  35  4:10  Marine  
  35  4:15  SCV  
  37  4:27  SCV  
  37  4:29  SCV  
  39  4:35  Combat Shield  
  42  4:38  Siege Tank  
  42  4:39  SCV  
  42  4:40  Stimpack  
  42  4:41  SCV  
  44  4:51  SCV  
  45  5:11  Missile Turret  
  45  5:17  Marine  
  46  5:24  Supply Depot  
  46  5:25  Supply Depot  
  46  5:26  Supply Depot  
  46  5:32  Missile Turret  
  46  5:35  Missile Turret  
  46  5:45  SCV x2, Marine x2, Marauder x2  
  46  5:47  Starport  
  54  5:56  Missile Turret  
  54  5:57  SCV x2  
  54  6:03  Marine x2  
  58  6:06  Marine  
  58  6:07  Marauder  
  58  6:10  Siege Tank  
  64  6:20  SCV  
  64  6:21  SCV, Marine x2  
  64  6:25  Marauder  
  70  6:26  Starport Reactor  
  70  6:37  Supply Depot  
  70  6:40  Supply Depot  
  70  6:41  Supply Depot  
  70  6:42  Supply Depot  
  70  6:58  SCV x2, Marine x3  
  70  6:59  Marauder  
  77  7:01  Siege Tank  
  80  7:10  SCV x2  
  82  7:16  Marine x3  
  82  7:20  Marauder  
  87  7:23  SCV  
  88  7:34  Marine, Marauder  
Tags
 
League
Platinum
Matchup
TvZ
Opening
Pool First
Spawn Locations
Cross Positions
Add a new tag
Caveats
  • Supply blocks, unpowered buildings, or Contaminate may cause inaccurate times.
  • Supply counts are checked every 10 seconds.